Map: Tokamak LE

Players

Frieren - Winner!

  • Race: Protoss Protoss
  • League: Diamond
  • Spawn Location: 1:00

ANCHY

  • Race: Zerg Zerg
  • League: Gold
  • Spawn Location: 7:00

VOD

Have the link to the VOD?

Description

Time

  • Played on: June 26, 2025, 5:08 p.m.
  • Length: 13:32
Show
View Real Time Build Order
Export as new Build Order

Frieren Protoss - Winner!

Build Orders: 1 Gate Expand 

Get SALT Encoding   

  12  0:00  Probe  
  13  0:12  Probe  
  14  0:19  Pylon  
  14  0:24  Probe  
  15  0:33  Probe  
  15  0:40  Gateway  
  15  0:41  Probe  
  16  0:48  Assimilator  
  17  0:56  Probe  
  17  1:04  Probe  
  19  1:12  Probe  
  20  1:27  Nexus  
  20  1:38  Cybernetics Core  
  20  1:41  Probe  
  21  1:52  Pylon  
  21  1:53  Probe  
  22  1:59  Assimilator  
  22  2:05  Probe  
  22  2:07  Warp Gate  
  23  2:19  Twilight Council  
  23  2:22  Probe  
  24  2:26  Stalker  
  26  2:34  Probe  
  27  2:40  Resonating Glaives  
  27  2:44  Gateway  
  27  2:46  Probe  
  28  2:52  Gateway  
  28  2:59  Adept  
  30  3:12  Probe x2  
  32  3:19  Pylon  
  32  3:24  Probe  
  33  3:29  Probe  
  33  3:36  Probe  
  35  3:41  Probe  
  35  3:48  Probe  
  36  3:52  Pylon  
  36  3:53  Probe  
  37  4:00  Adept x2, Probe  
  42  4:02  Robotics Facility  
  42  4:04  Adept  
  44  4:14  Gateway  
  44  4:16  Gateway  
  44  4:23  Pylon  
  44  4:25  Adept  
  46  4:32  Adept x2  
  50  4:48  Adept  
  52  4:54  Warp Prism  
  52  4:59  Pylon  
  54  5:11  Adept x4  
  60  5:18  Probe  
  59  5:25  Adept  
  51  5:37  Stalker x3  
  51  5:38  Stalker  
  57  5:45  Stalker  
  51  5:59  Stalker  
  51  6:09  Stalker x2  
  51  6:18  Stalker  
  51  6:19  Stalker  
  55  6:28  Blink  
  55  6:29  Stalker x2  
  55  6:30  Stalker  
  56  6:32  Probe  
  56  6:42  Stalker x2  
  60  6:51  Nexus, Pylon  
  60  6:52  Probe  
  61  6:55  Stalker x2  
  61  6:59  Probe  
  66  7:04  Probe  
  66  7:05  Stalker  
  69  7:12  Pylon  
  69  7:18  Forge  
  69  7:26  Probe  
  70  7:32  Protoss Ground Weapons Level 1, Assimilator x2  
  70  7:33  Stalker x2  
  74  7:39  Probe  
  74  7:42  Forge  
  75  7:46  Observer  
  75  7:48  Probe  
  75  7:50  Pylon  
  77  7:55  Zealot  
  77  7:58  Protoss Ground Armor Level 1, Probe  
  80  8:01  Probe  
  81  8:07  Observer  
  81  8:10  Probe  
  83  8:13  Probe  
  84  8:22  Probe  
  84  8:23  Pylon  
  84  8:25  Probe  
  86  8:28  Gateway  
  86  8:30  Gateway  
  86  8:33  Robotics Bay, Probe  
  86  8:34  Probe  
  86  8:38  Probe  
  86  8:41  Probe  
  89  8:44  Pylon  
  89  8:46  Probe  
  91  8:50  Stalker x2  
  91  8:52  Probe  
  91  8:53  Probe  
  97  9:03  Probe  
  98  9:10  Stalker  
  98  9:14  Extended Thermal Lance  
  98  9:16  Nexus, Charge  
  100  9:18  Stalker x2  
  104  9:28  Colossus  
  104  9:31  Probe  
  111  9:43  Assimilator, Probe  
  111  9:44  Pylon  
  114  9:48  Assimilator  
  112  9:53  Protoss Ground Weapons Level 2  
  112  9:54  Zealot x2  
  116  10:03  Pylon  
  116  10:06  Zealot x2  
  120  10:08  Probe  
  120  10:11  Colossus  
  120  10:12  Probe  
  120  10:14  Protoss Ground Armor Level 2  
  122  10:15  Probe  
  122  10:18  Pylon  
  122  10:20  Probe  
  124  10:25  Stalker x3  
  136  10:38  Probe  
  136  10:39  Probe  
  138  10:52  Stalker x4  
  138  10:55  Pylon x2  
  146  11:02  Probe  
  147  11:05  Observer, Gateway x2  
  147  11:10  Probe  
  149  11:13  Stalker x3  
  155  11:22  Gravitic Boosters  
  155  11:25  Observer  
  156  11:29  Nexus, Probe  
  157  11:37  Zealot x3  
  163  11:44  Templar Archives  
  163  11:45  Gateway  
  163  11:50  Photon Cannon, Shield Battery  
  163  11:51  Colossus  
  163  11:52  Pylon, Probe  
  163  11:53  Probe  
  165  11:55  Probe  
  172  12:09  Gravitic Drive  
  172  12:10  Zealot x4  
  180  12:17  Pylon  
  180  12:18  Pylon  
  176  12:48  Zealot  
  176  12:49  Zealot x4  
  176  12:50  Zealot x5  
  184  13:02  Probe  
  184  13:03  Probe  
  186  13:09  Zealot x2  
Show
View Real Time Build Order
Export as new Build Order

ANCHY Zerg 

Build Orders: Hatch First 

Get SALT Encoding   

  12  0:01  Drone  
  13  0:09  Drone  
  14  0:15  Extractor  
  14  0:16  Drone  
  15  0:41  Hatchery  
  14  0:46  Overlord, Extractor  
  13  0:50  Drone  
  14  1:08  Spawning Pool  
  13  1:13  Drone  
  14  1:23  Drone  
  14  1:24  Drone  
  16  1:36  Drone x2  
  18  1:47  Drone  
  19  1:56  Queen  
  19  1:58  Queen  
  19  1:59  Drone  
  24  2:05  Overlord  
  24  2:11  Drone x2  
  26  2:21  Drone x2  
  28  2:40  Zergling x2  
  28  2:41  Zergling x4  
  28  2:42  Drone  
  32  2:55  Drone  
  32  2:56  Drone  
  34  3:01  Metabolic Boost  
  34  3:03  Drone x2  
  36  3:16  Drone, Hatchery  
  36  3:20  Overlord x2  
  36  3:28  Lair  
  36  3:43  Drone x6  
  42  3:50  Extractor  
  42  3:52  Drone  
  42  3:53  Extractor  
  41  4:03  Roach Warren  
  41  4:04  Drone  
  41  4:05  Drone  
  41  4:06  Drone x2  
  41  4:07  Drone  
  45  4:10  Drone  
  46  4:21  Queen  
  48  4:26  Overlord  
  48  4:27  Overlord x2  
  48  4:34  Drone  
  48  4:35  Drone x6  
  54  4:44  Roach x3  
  58  4:59  Roach  
  55  5:00  Roach x6  
  68  5:07  Zergling x10  
  68  5:17  Zergling x6  
  67  5:26  Roach  
  64  5:36  Roach  
  64  5:37  Roach x2  
  66  5:48  Roach  
  66  5:49  Roach x4  
  67  6:01  Zergling x2  
  67  6:02  Zergling x4  
  64  6:09  Roach  
  64  6:15  Roach x2  
  62  6:22  Zergling x6  
  60  6:28  Roach  
  56  6:36  Roach x2  
  56  6:40  Queen  
  56  6:46  Roach x3  
  59  6:55  Roach x2  
  61  7:09  Roach  
  61  7:10  Roach x4  
  67  7:16  Queen  
  69  7:23  Roach x2  
  68  7:41  Roach x2  
  69  7:49  Roach  
  67  7:55  Roach  
  69  7:59  Overlord  
  69  8:00  Overlord  
  69  8:17  Queen  
  71  8:21  Evolution Chamber  
  70  8:28  Roach x4  
  70  8:29  Roach  
  80  8:44  Roach x2  
  84  8:56  Roach  
  86  9:07  Overlord x2  
  86  9:22  Extractor  
  85  9:29  Roach x2  
  89  9:43  Roach x2  
  89  9:45  Overlord x2  
  93  10:04  Roach  
  93  10:05  Roach x3  
  101  10:14  Hatchery  
  100  10:16  Roach  
  102  10:22  Zerg Ground Armor Level 1  
  102  10:26  Roach  
  104  10:43  Roach x3  
  110  10:51  Overlord  
  110  11:05  Overlord  
  110  11:10  Roach  
  114  11:11  Roach  
  113  11:22  Overlord x2  
  113  11:26  Roach x2  
  113  11:29  Roach  
  113  11:30  Roach  
  121  11:34  Roach  
  123  11:40  Glial Reconstitution  
  123  11:47  Overlord x2  
  123  12:17  Zergling x2  
  123  12:18  Zergling x10  
  127  12:27  Ravager  
  36  12:59  Zergling x2  
  36  13:00  Zergling x12  
  36  13:01  Zergling x2  
  26  13:11  Zergling x2  
Tags
 
Add a new tag
Caveats
  • Supply blocks, unpowered buildings, or Contaminate may cause inaccurate times.
  • Supply counts are checked every 10 seconds.